 Dungeon Crawl Stone Soup version 0.21-a0-154-gb5400c9 (webtiles) character file.

290 AverageBear the Cutter (level 6, 6/36 HPs)
             Began as a Deep Elf Fighter on Aug 2, 2017.
             Quit the game on level 4 of the Dungeon.
             The game lasted 00:03:46 (2506 turns).

AverageBear the Cutter (Deep Elf Fighter)           Turns: 2506, Time: 00:03:46

Health: 6/36       AC:  7    Str: 15      XL:     6   Next: 9%
Magic:  8/8        EV:  6    Int: 12 (13) God:
Gold:   189        SH: 10    Dex: 14      Spells: 5/5 levels left

rFire    . . .     SeeInvis .   g - +2 dagger (speed)
rCold    . . .     Gourm    .   c - +0 shield
rNeg     . . .     Faith    .   b - +0 scale mail
rPois    .         Spirit   .   w - +0 helmet
rElec    .         Reflect  +   (no cloak)
rCorr    .         Harm     .   (no gloves)
MR       .....                  (no boots)
Stlth    +.........             j - +2 amulet of reflection
HPRegen  0.12/turn              p - ring of stealth
MPRegen  0.11/turn              (no ring)

@: lethally poisoned (6 -> -3)
A: no striking features
a: no special abilities


You were on level 4 of the Dungeon.
You were not hungry.

You visited 1 branch of the dungeon, and saw 4 of its levels.

You collected 189 gold pieces.

Inventory:

Hand Weapons
 a - a +0 rapier
 e - a +0 dagger
 g - a +2 dagger of speed (weapon)
 v - a +3 dagger
Armour
 b - a +0 scale mail (worn)
 c - a +0 shield (worn)
 w - a +0 helmet (worn)
Jewellery
 j - a +2 amulet of reflection (around neck)
 p - a ring of stealth (left hand)
Scrolls
 k - 2 scrolls of enchant armour
 n - a scroll of teleportation
 o - a scroll of amnesia
 t - 2 scrolls of remove curse
 x - a scroll of identify
Potions
 d - a potion of might
 l - a potion of agility
Comestibles
 f - 5 bread rations
 h - 3 fruits
 i - 2 chunks of flesh
 q - a royal jelly
 u - a meat ration


   Skills:
 - Level 2.4 Fighting
 - Level 6.4 Short Blades
 - Level 2.4 Armour
 + Level 0.0 Dodging
 - Level 2.4 Shields


You had 5 spell levels left.
You didn't know any spells.

Dungeon Overview and Level Annotations

Branches:
Dungeon (4/15)
 Temple: D:4-7

Altars:
Cheibriados
Qazlal
Yredelemnul


Message History

The scorpion is moderately wounded.
You hit the scorpion.
The scorpion is heavily wounded.
The scorpion stings you.
* * * LOW HITPOINT WARNING * * *
You are lethally poisoned!
The scorpion poisons you!
Your shield and scale mail prevent you from hitting the scorpion.
The scorpion is heavily wounded.
* * * LOW HITPOINT WARNING * * *
You feel sick.
You hit the scorpion.
The scorpion is heavily wounded.
You block the scorpion's attack.
You hit the scorpion.
The scorpion is severely wounded.
* * * LOW HITPOINT WARNING * * *
You feel sick. You block the scorpion's attack.
Okay, then.
Are you sure you want to abandon this character and quit the game? (Confirm with "yes".)

................###
.#.#..######.....
..........##....######
.#.######..#.........##
.#)#######...#..#..#..#.
.#)).....#..###...###...
.....###..#..#.....#....
.#.#.# #.............#..
.#.#.###..###...@.......
.#.##............s.....#
#.###.#.##..#..#..#...#
#.# #.#.##.###...###..#
... #.#.##..#..#..#...#
#.#(###....#......#
#.#># ####^#.###..#
..#.# #.#.# .. ....# #.#


You could see a scorpion.

Vanquished Creatures
  The ghost of i54460 the Magician, an amateur DEWz (D:4)
  3 gnolls (D:4)
  2 adders
  A worm (D:2)
  A dart slug (D:1)
  A leopard gecko (D:2)
  9 orcs
  10 bats
  5 giant cockroaches
  8 goblins
  11 hobgoblins
  A quokka (D:3)
  A ball python (D:1)
  4 frilled lizards
  7 kobolds
  4 rats
  A spectral orc (D:4)
70 creatures vanquished.

Notes
Turn   | Place    | Note
-------+----------+-------------------------------------------
     0 | D:1      | AverageBear the Deep Elf Fighter began the quest for the Orb.
     0 | D:1      | Reached XP level 1. HP: 13/13 MP: 3/3
   101 | D:1      | Reached XP level 2. HP: 18/18 MP: 4/4
   315 | D:1      | Reached skill level 3 in Short Blades
   784 | D:2      | Reached XP level 3. HP: 22/22 MP: 5/5
   797 | D:2      | Found a snail-covered altar of Cheibriados.
  1049 | D:2      | Reached skill level 4 in Short Blades
  1416 | D:2      | Found a faded altar of an unknown god.
  1644 | D:3      | Reached XP level 4. HP: 25/27 MP: 6/6
  1879 | D:3      | Noticed a water elemental
  1881 | D:3      | Found a stormy altar of Qazlal.
  1882 | D:3      | Noticed a fire elemental
  1882 | D:3      | Noticed an earth elemental
  1882 | D:3      | Noticed an air elemental
  2130 | D:4      | Found a basalt altar of Yredelemnul.
  2265 | D:4      | Reached skill level 5 in Short Blades
  2277 | D:4      | Reached XP level 5. HP: 16/31 MP: 7/7
  2284 | D:4      | Noticed i54460's ghost (amateur DEWz)
  2489 | D:4      | Killed i54460's ghost
  2489 | D:4      | Reached skill level 6 in Short Blades
  2489 | D:4      | Reached XP level 6. HP: 9/36 MP: 8/8
  2506 | D:4      | Quit the game

Vault maps used:
D:1:      eino_arrival_water_cross, serial_bayou_lagoon_b
D:2:      chequers_ecumenical_altar_island, lemuel_tele_altar
D:3:      nicolae_qazlal_style_of_elements, minmay_misc_feat_doors
D:4:      yredelemnul_forgotten_temple_becter, minmay_strange_pillars,
          uniq_pikel

Skill      XL: |  1  2  3  4  5 |
---------------+----------------+-----
Short Blades   | 3 4 5 6 |  6.4
Fighting       | |  2.4
Armour         | |  2.4
Shields        | |  2.4

Action                   |  1- 3 |  4- 6 || total
-------------------------+-------+-------++-------
Melee: Rapier            |    10 |       ||    10
       Dagger            |   155 |   195 ||   350
  Use: Scroll            |     3 |     1 ||     4
       Potion            |       |     5 ||     5
  Eat: Chunk             |     2 |     3 ||     5
Armor: Scale mail        |    53 |    26 ||    79
Dodge: Dodged            |    27 |    36 ||    63
Block: Shield            |    62 |    56 ||   118
       Reflection        |     1 |       ||     1
